 Dungeon Crawl Stone Soup version 0.27.1-1-g398f81649c (console) character file.

Game seed: 7250635132696893258

152 om the Insei (level 5, 0/45 HPs)
             Began as a Draconian Transmuter on Sept 8, 2021.
             Slain by a gnoll (3 damage)
             ... on level 4 of the Dungeon.
             The game lasted 00:05:13 (3074 turns).

om the Insei (Draconian Transmuter)                 Turns: 3074, Time: 00:05:14

Health: 0/45       AC:  5    Str: 12    XL:     5   Next: 11%
Magic:  7/8        EV: 12    Int: 14    God:
Gold:   98         SH:  0    Dex: 12    Spells: 4/8 levels left

rFire    . . .     SeeInvis .     - Unarmed
rCold    . . .     Faith    .   (no shield)
rNeg     . . .     Spirit   .   (armour unavailable)
rPois    .         Reflect  .   (helmet restricted)
rElec    .         Harm     .   (no cloak)
rCorr    .         Rampage  .   (no gloves)
Will     .....                  (no boots)
Stlth    +.........             (no amulet)
HPRegen  0.15/turn              (no ring)
MPRegen  0.11/turn              (no ring)

@: attractive, very slightly contaminated, slowed, very slow
A: AC +5, unfitting armour, cold-blooded
a: no special abilities


You were on level 4 of the Dungeon.
You visited 1 branch of the dungeon, and saw 4 of its levels.

You collected 98 gold pieces.

Inventory:

Scrolls
 a - 2 scrolls of identify
 b - a scroll of amnesia
 d - a scroll of immolation {unknown}
 e - a scroll of fog {unknown}
 i - a scroll of torment {unknown}
 k - a scroll of vulnerability {unknown}
Potions
 c - a potion of haste {unknown}
 f - a potion of ambrosia
 h - a potion of degeneration {unknown}
 j - a potion of attraction
 l - 2 potions of resistance {unknown}


   Skills:
 - Level 3.0 Fighting
 + Level 2.3 Dodging
 * Level 3.9 Unarmed Combat
 + Level 2.4 Spellcasting
 * Level 3.1 Transmutations


You had 4 spell levels left.
You knew the following spells:

 Your Spells              Type           Power      Damage    Failure   Level
a - Beastly Appendage     Tmut           20%        N/A       6%          1
b - Spider Form           Tmut/Pois      3%         N/A       36%         3

Your spell library contained the following spells:

 Spells                   Type           Power      Damage    Failure   Level
 Wereblood                Tmut           10%        N/A       10%         2
 Shock                    Conj/Air       4%         1d3       22%         1
 Swiftness                Air            1%         N/A       56%         3
 Ice Form                 Ice/Tmut       6%         N/A       77%         4
 Airstrike                Air            0%         N/A       92%         4


Dungeon Overview and Level Annotations

Branches:
Dungeon (4/15)
 Temple: D:4-7

Altars:
Nemelex Xobeh
Okawaru
Yredelemnul


Innate Abilities, Weirdness & Mutations

Your plain brown scales are hard. (AC +5)
You cannot fit into any form of body armour.
You are cold-blooded and may be slowed by cold attacks.


Message History

You feel as though you will be slow longer.
The giant cockroach bites you but does no damage.
* * * LOW HITPOINT WARNING * * *
You feel extremely sick.
The gnoll throws a curare-tipped dart.
The curare-tipped dart hits you.
You are more poisoned.
You have difficulty breathing.
* * * LOW HITPOINT WARNING * * *
You feel as though you will be slow longer.
You feel better. The giant cockroach misses you.
The giant cockroach bites you but does no damage.
Your horns disappear.
Your talons disappear.
The giant cockroach bites you but does no damage.
The gnoll closely misses you.
Okay, then.
You feel better.
The giant cockroach bites you but does no damage.
The gnoll barely misses you. The gnoll hits you with a +0 club.
The giant cockroach closely misses you.
Casting: Beastly Appendage (safe; 6% risk of failure)
Press: ? - help, Q - select action Dir - look around, f - activate You miscast Beastly Appendage.
You are very lightly contaminated with residual magic.
Nothing appears to happen.
The gnoll closely misses you. The gnoll hits you but does no damage.
The giant cockroach bites you. The gnoll hits you with a +0 club.
* * * LOW HITPOINT WARNING * * *
The gnoll hits you with a +0 club.
* * * LOW HITPOINT WARNING * * *
The giant cockroach barely misses you.
You hit the gnoll. You tail-slap the gnoll.
The gnoll is lightly wounded.
The gnoll hits you with a +0 club.
* * * LOW HITPOINT WARNING * * *
The giant cockroach closely misses you. The gnoll barely misses you.
Unknown command.
It was a potion of attraction.
You feel attractive to monsters.
The giant cockroach bites you but does no damage.
The gnoll hits you with a +0 club.
You die...

######### ### #........
######..###.# #........
#...#.......# #........
#...')....... #........
#...#.......# ###.....)..
#..###.####..
)#..##+########+##..## .# .
.............#.......# ..
.............#.......# ...
.............#..Bg...# ....
.##.##.#####+###@g..## ...
.##.##'###...###....#
........#...........#
........#...........+
........'...........#
###+##+#################+##
...........................
...........................
...........................
...........................
...........................


You could see 2 gnolls and a giant cockroach.

Vanquished Creatures
  A centaur zombie (D:3)
  A scorpion zombie (D:3)
  A gnoll (D:4)
  3 adders
  2 dart slugs
  3 ball pythons
  3 endoplasms (D:2)
  A giant cockroach (D:1)
  9 goblins
  3 hobgoblins
  7 kobolds
  4 quokkas (D:3)
  A ball python zombie (D:3)
  8 bats
  A frilled lizard (D:1)
  A jackal zombie (D:3)
  4 rats
53 creatures vanquished.

Notes
Turn   | Place    | Note
-------+----------+-------------------------------------------
     0 | D:1      | om the Draconian Transmuter began the quest for the Orb.
     0 | D:1      | Reached XP level 1. HP: 16/16 MP: 3/3
    71 | D:1      | Found a faded altar of an unknown god.
   211 | D:1      | Reached XP level 2. HP: 22/23 MP: 3/5
   539 | D:1      | You fall into a shaft and drop 1 floor!
   834 | D:2      | Reached XP level 3. HP: 29/29 MP: 6/6
  1470 | D:2      | Learned a level 3 spell: Spider Form
  1613 | D:2      | Found an iron altar of Okawaru.
  2017 | D:3      | Found a sparkling altar of Nemelex Xobeh.
  2113 | D:3      | Reached XP level 4. HP: 26/37 MP: 7/7
  2456 | D:3      | Found a basalt altar of Yredelemnul.
  2574 | D:3      | Reached XP level 5. HP: 44/44 MP: 8/8
  3068 | D:4      | HP: 1/45 [asphyx]
  3074 | D:4      | Slain by a gnoll

Illustrated notes

Levels and vault maps discovered:
D:1:      evilmike_arrival_plus, layout_loops_ring,
          ebering_ecumenical_altar_box, chequers_decorated_corner
D:2:      layout_rooms, basic_altar, grunt_ministairs_8
D:3:      layout_rooms, lemuel_tele_altar, nicolae_yredelemnul_corpse_copse
D:4:      layout_gridville, mainiacjoe_overflow_alcove_1,
          minmay_temple_entry_ruins, serial_shops, kennysheep_mini

Skill      XL: |  1  2  3  4  5 |
---------------+----------------+-----
Dodging        | 2 |  2.3
Fighting       | 2 3 |  3.0
Transmutations | 3 |  3.1
Unarmed Combat | |  3.9
Spellcasting   | |  2.4

Action                   |  1- 3 |  4- 6 || total
-------------------------+-------+-------++-------
Melee: Unarmed           |   109 |    49 ||   158
       Kick              |    10 |    18 ||    28
       Tailslap          |     8 |     4 ||    12
       Headbutt          |     5 |     4 ||     9
       Punch             |     2 |     1 ||     3
 Cast: Beastly Appendage |    18 |    13 ||    31
  Use: Scroll            |     3 |       ||     3
       Potion            |       |     5 ||     5
Armor: Skin              |    30 |    32 ||    62
Dodge: Dodged            |    60 |    49 ||   109
